 Dungeon Crawl Stone Soup version 0.18.1-5-g4a78601 (webtiles) character file.

2 ololoev the Charmwright (level 1, 0/16 HPs)
             Began as a Merfolk Skald on May 13, 2016.
             Killed from afar by a dart slug (7 damage)
             ... with a slug dart
             ... on level 1 of the Dungeon.
             The game lasted 00:00:40 (95 turns).

ololoev the Charmwright (Merfolk Skald)               Turns: 95, Time: 00:00:42

Health: 0/16       AC:  3    Str: 12    XL:     1   Next: 40%
Magic:  3/3        EV: 11    Int: 11    God:
Gold:   0          SH:  0    Dex: 13    Spells: 1 memorised, 3 levels left

rFire  . . .     SeeInvis .     a - +0 spear
rCold  . . .     Gourm    .     b - +0 leather armour
rNeg   . . .     Faith    .     (no shield)
rPois  .         Spirit   .     (no helmet)
rElec  .         Dismiss  .     (no cloak)
rCorr  .         Reflect  .     (no gloves)
SustAt .         Harm     .     (no boots)
MR     .....                    (no amulet)
Stlth  +.........               (no ring)
                                (no ring)

@: not resistant to hostile enchantments, very unstealthy
A: change form in water, swift swim
a: no special abilities

Inventory:

Hand Weapons
 a - a +0 spear (weapon)
Armour
 b - a +0 leather armour (worn)
Scrolls
 g - 3 scrolls of magic mapping {unknown}
 h - a scroll of fear {unknown}
Potions
 e - a potion of brilliance {unknown}
 f - a potion of might {unknown}
Books
 c - a book of Battle

   Spells                             Type                      Level
   a - Infusion                       Charms                       1
   b - Shroud of Golubria             Charms/Translocation         2
   c - Song of Slaying                Charms                       2
   d - Spectral Weapon                Hexes/Charms                 3
   e - Regeneration                   Charms/Necromancy            3
Comestibles
 d - a bread ration


   Skills:
 - Level 2.1 Fighting
 * Level 3.2 Polearms
 + Level 0.7 Armour
 + Level 1.5 Dodging
 - Level 2.0 Spellcasting
 - Level 3.2 Charms


You had 3 spell levels left.
You knew the following spells:

 Your Spells              Type           Power        Failure   Level  Hunger
a - Infusion              Chrm           #...         12%         1    ##.....


You were on level 1 of the Dungeon.
You were not hungry.

You visited 1 branch of the dungeon, and saw 1 of its levels.

#.# #.# # #.# #> #.# ###
#.# #.# #. ..### ###
#.###.## .. #...
....###.....# .. #..
#....##..###
..###.########..@..#....#
#...............w..##.#.#
...........###.....##.#.#
........[.# ##...###.#.#
.##'##....# ##.## #.#.#
##...##...# #. #.# #.#.#
#..<..#...# ....[# #.#.#
##...##...# #.#######.#.#
.##+##....###.##......#.#

Notes
Turn   | Place    | Note
--------------------------------------------------------------
     0 | D:1      | ololoev the Merfolk Skald began the quest for the Orb.
     0 | D:1      | Reached XP level 1. HP: 16/16 MP: 3/3
    95 | D:1      | Killed from afar by a dart slug

Dungeon Overview and Level Annotations

Branches:
Dungeon (1/15)

Altars:


Message History

A goblin comes into view.
The goblin shouts!
Found a scroll labeled TIUXAEVIZAA.
The goblin hits you.
You closely miss the goblin. The rat bites you.
You closely miss the goblin. The goblin hits you but does no damage.
The rat barely misses you.
You hit the goblin.
The goblin is heavily wounded.
The goblin closely misses you. The rat closely misses you.
You hit the goblin.
You kill the goblin!
The rat closely misses you.
You closely miss the rat. The rat bites you but does no damage.
You hit the rat.
You kill the rat!
No target in view!
No target in view!
No target in view!
No target in view!
No target in view!
No target in view!
No target in view!
No target in view!
No target in view!
No target in view!
No target in view!
No target in view!
No target in view!
No target in view!
e - a ruby potion
Found a robe.
f - a bubbling blue potion
g - 3 scrolls labeled YJAPSAOTID
h - a scroll labeled TIUXAEVIZAA A giant cockroach comes into view.
A giant cockroach is nearby!
A giant cockroach is nearby!
A giant cockroach is nearby!
A dart slug comes into view.
The teleport trap disappears.
The giant cockroach disappears!
Found a robe.
Found a stone staircase leading down.
The dart slug launches a dart at you. The slug dart hits you!
You are too injured to fight recklessly!
You are too injured to fight recklessly!
You are too injured to fight recklessly!
You are too injured to fight recklessly!
You are too injured to fight recklessly!
You are too injured to fight recklessly!
You are too injured to fight recklessly!
You are too injured to fight recklessly!
You are too injured to fight recklessly!
You are too injured to fight recklessly!
You are too injured to fight recklessly!
You are too injured to fight recklessly!
You are too injured to fight recklessly!
You are too injured to fight recklessly!
You are too injured to fight recklessly!
You are too injured to fight recklessly!
You are too injured to fight recklessly!
You are too injured to fight recklessly!
Attack whom?
Press: ? - help, Dir - move target cursor, f - dart slug
Aim: a dart slug You reach to attack!
You hit the dart slug.
The dart slug is heavily wounded.
Attack whom?
Press: ? - help, Dir - move target cursor, f/p - dart slug
Aim: a dart slug (heavily wounded)
You reach to attack!
You hit the dart slug but do no damage.
The dart slug is heavily wounded.
Attack whom?
Press: ? - help, Dir - move target cursor, f/p - dart slug
Aim: a dart slug (heavily wounded)
You hit the dart slug.
The dart slug is severely wounded.
The dart slug launches a dart at you. The slug dart hits you!
You die...

You could see a dart slug.

Vanquished Creatures
  A goblin (D:1)
  A giant newt (D:1)
  A rat (D:1)
3 creatures vanquished.

Action                   || total
-------------------------++-------
Melee: Spear             ||    11
Armor: Leather armour    ||     3
Dodge: Dodged            ||     4

Vault maps used:
D:1:      dpeg_arrival_shelter
